 Dungeon Crawl Stone Soup version 0.21-a0-361-g4efd3f9 (webtiles) character file.

18 theanonym the Digger (level 2, 0/15 HPs)
             Began as a Gargoyle Earth Elementalist on Oct 13, 2017.
             Slain by a bullfrog (1 damage)
             ... on level 1 of the Dungeon.
             The game lasted 00:03:08 (1136 turns).

theanonym the Digger (Gargoyle Earth Elementalist)  Turns: 1136, Time: 00:03:08

Health: 0/15       AC:  4    Str: 11    XL:     2   Next: 70%
Magic:  1/5        EV: 12    Int: 15    God:
Gold:   49         SH:  0    Dex: 10    Spells: 4/5 levels left

rFire    . . .     SeeInvis .   l - +0 club
rCold    . . .     Gourm    .   (no shield)
rNeg     + . .     Faith    .   c - +0 robe
rPois    ∞         Spirit   .   (no helmet)
rElec    +         Reflect  .   (no cloak)
rCorr    .         Harm     .   (no gloves)
MR       .....                  (no boots)
Stlth    ++........             (no amulet)
HPRegen  0.05/turn              (no ring)
MPRegen  0.09/turn              (no ring)

@: no status effects
A: negative energy resistance 1, electricity resistance, unbreathing,
petrification resistance, rot immunity, AC +2
a: no special abilities


You were on level 1 of the Dungeon.
You were hungry.

You visited 1 branch of the dungeon, and saw 2 of its levels.

You collected 49 gold pieces.

Inventory:

Hand Weapons
 l - a +0 club (weapon)
   (You found it on level 1 of the Dungeon)
Missiles
 b - 28 stones (quivered)
Armour
 c - a +0 robe (worn)
Scrolls
 a - a scroll of noise {unknown}
 i - 2 scrolls of teleportation {unknown}
 j - a scroll of remove curse {unknown}
 m - a scroll of fog {unknown}
 o - a scroll of random uselessness {unknown}
Potions
 f - a potion of flight {unknown}
 g - 2 potions of agility {unknown}
 h - a potion of invisibility {unknown}
 n - a potion of curing {unknown}
 p - a potion of magic {unknown}
 r - a potion of ambrosia {unknown}
Books
 e - a book of Geomancy
Comestibles
 d - 3 bread rations {@e1}
 q - a meat ration {@e2}


   Skills:
 + Level 0.2 Fighting
 - Level 1.5 Dodging
 - Level 2.1 Stealth
 + Level 2.3 Spellcasting
   Level 0.7 Transmutations
 + Level 4.3 Earth Magic


You had 4 spell levels left.
You knew the following spells:

 Your Spells              Type           Power        Failure   Level  Hunger
a - Sandblast             Erth           ##....       3%          1    #......


Dungeon Overview and Level Annotations

Branches:
Dungeon (2/15)

Altars:

Annotations:
D:1 exclusion: downstairs


Innate Abilities, Weirdness & Mutations

You are resistant to torment.
Your stone body is resilient. (AC +2)
You are immune to poison.
You resist negative energy. (rN+)
You are resistant to electric shocks. (rElec)
You can survive without breathing.
You are immune to petrification.
You are immune to rotting.


Message History

Found 7 gold pieces and a dagger.
Found a stone staircase leading up and a stone staircase leading down.
There is a stone staircase leading up here.
You can't see any susceptible monsters within range! (Use Z to cast anyway.)
Aim: a hobgoblin (resting)
You throw a stone. The stone hits the hobgoblin.
The hobgoblin shouts!
The jackal barks! x2
An orc priest and a crimson imp come into view.
Aim: a hobgoblin (lightly wounded)
The blast of sand hits the hobgoblin.
You kill the hobgoblin!
b - 36 stones The crimson imp shouts!
The orc priest shouts!
A hobgoblin and an orc come into view.
You now have 4/5 mp.
You can't see any susceptible monsters within range! (Use Z to cast anyway.)
The orc moves out of view.
An orc comes into view. It is wielding a club.
Aim: a worm The blast of sand hits the worm.
b - 35 stones The orc shouts!
The hobgoblin shouts!
The orc moves out of view.
The crimson imp blinks!
A ball python comes into view.
You now have 3/5 mp.
Aim: a worm (severely wounded)
The blast of sand hits the worm.
You kill the worm!
b - 34 stones The ball python hisses angrily.
You now have 2/5 mp.
The jackal closely misses you. The jackal completely misses you.
The jackal bites you but does no damage.
The orc priest invokes the aid of Beogh against you.
Beogh smites you!
Ouch! That really hurt!
* * * LOW HITPOINT WARNING * * *
You hear an angry hiss.
You climb upwards.
There is a stone staircase leading down here.
You take 8 damage, and have 7/15 hp.
MASSIVE DAMAGE!!
Aim: a jackal The blast of sand hits the jackal.
You kill the jackal!
b - 33 stones The jackal closely misses you.
You now have 1/5 mp.
The jackal bites you.
* * * LOW HITPOINT WARNING * * *
You take 2 damage, and have 5/15 hp.
Aim: a jackal The blast of sand hits the jackal.
You kill the jackal!
b - 32 stones You now have 0/5 mp.
You start resting.
You are feeling hungry.
You regained 5 hp, and now have 10/15 hp.
MP restored: 5 You start resting.
Health restored: 15
There is a stone staircase leading down here.
There is a stone staircase leading down here.
You climb downwards.
A frilled lizard, a bat, a bullfrog, a worm and a kobold come into view.
The bullfrog croaks.
The bat closely misses you.
There is a stone staircase leading up here.
Aim: a bat The blast of sand misses the bat.
b - 31 stones The kobold shouts!
The bat misses you.
You now have 4/5 mp.
Aim: a bat The blast of sand hits the bat.
You kill the bat!
b - 30 stones You now have 3/5 mp.
Aim: a bullfrog The blast of sand misses the bullfrog.
b - 29 stones The frilled lizard hisses angrily.
The bullfrog hits you.
You take 3 damage, and have 12/15 hp.
You now have 2/5 mp.
The bullfrog hits you.
* * * LOW HITPOINT WARNING * * *
You climb upwards.
Level annotation: exclusion: downstairs
There is a stone staircase leading down here.
You take 6 damage, and have 6/15 hp.
MASSIVE DAMAGE!!
The bullfrog barely misses you.
Aim: a bullfrog The blast of sand hits the bullfrog.
b - 28 stones The bullfrog misses you.
The bullfrog hits you.
* * * LOW HITPOINT WARNING * * *
You take 5 damage, and have 1/15 hp.
MASSIVE DAMAGE!!
You now have 1/5 mp.
The bullfrog hits you.
You die...

#########.........# #.#########
#.# ########### #.#
#.........### #.####### #####
#..#........# ##.##....###...#
#..#.###..#.# ##...#.#........#
#..#.###..#.###......#..###...#
#..#........>..F@.......####.##
#..#..##..#.#####.##.##.##...#
#........)..# #.##.##.##...#
##.##.##.#### #>##....##...####
#.......# ##'#####.........#
###..#### ##...## #.........#
#.#### ##.....###.........#
##.##.## ##.......#####...####
#......####.........####...####


You could see a bullfrog.

Vanquished Creatures
  A worm (D:2)
  A bat (D:2)
  A goblin (D:1)
  2 hobgoblins
  6 jackals (D:1)
  2 rats (D:1)
13 creatures vanquished.

Notes
Turn   | Place    | Note
-------+----------+-------------------------------------------
     0 | D:1      | theanonym the Gargoyle Earth Elementalist began the quest for the Orb.
     0 | D:1      | Reached XP level 1. HP: 10/10 MP: 3/3
   562 | D:1      | Reached skill level 4 in Earth Magic
   562 | D:1      | Reached XP level 2. HP: 15/15 MP: 1/5
   923 | D:2      | Noticed a crimson imp
  1126 | D:2      | Noticed a bullfrog
  1134 | D:1      | HP: 1/15 [bullfrog (6)]
  1136 | D:1      | Slain by a bullfrog

Vault maps used:
D:1:      lemuel_arrival_behind_the_door_large
D:2:      bloody_trog, amethyst_overflow_temple_binary

Skill      XL: |  1 |
---------------+----+-----
Earth Magic    | 4 |  4.3
Fighting       | |  0.2
Dodging        | |  1.5
Stealth        | |  2.1
Spellcasting   | |  2.3
Transmutations | |  0.7

Action                   || total
-------------------------++-------
Melee: Club              ||     3
Throw: Stone             ||     1
 Cast: Sandblast         ||    20
Armor: Robe              ||     5
Dodge: Dodged            ||    16

Table legend:
 A = Spawn XP
 B = Non-spawn XP
 C = Spawn XP percentage of total XP
 D = Spawn monster count
 E = Non-spawn monster count
 F = Spawn count percentage of total count
 G = Total turns spent on level
                    A         B        C        D         E        F      G
               +---------+---------+-------+---------+---------+-------+---------
         Total |       0 |      27 |   0.0 |       0 |      13 |   0.0 |  1136
               +---------+---------+-------+---------+---------+-------+---------
           D:1 |       0 |      18 |   0.0 |       0 |      10 |   0.0 |  1123
           D:2 |       0 |       9 |   0.0 |       0 |       3 |   0.0 |    13
               +---------+---------+-------+---------+---------+-------+---------

Vault maps used:
D:1:      lemuel_arrival_behind_the_door_large
D:2:      bloody_trog, amethyst_overflow_temple_binary

Table legend:
 A = Turns spent in this place as a percentage of turns spent in the entire game.
 B = Non-inter-level travel turns spent in this place as a percentage of non-inter-level travel turns spent in the entire game.
 C = Inter-level travel turns spent in this place as a percentage of turns spent in this place.
 D = Turns resting spent in this place as a percentage of non-inter-level travel turns spent in this place.
 E = Turns spent auto-exploring this place as a percentage of non-inter-level travel turns spent in this place.
 F = Non-inter-level travel turns spent in this place divided by the number of levels of this place that you've seen.
                   A       B       C       D       E      F
               +-------+-------+-------+-------+-------+----------------------
         Total | 100.0 | 100.0 |   2.6 |  33.5 |  56.6 | 553.5
       Dungeon | 100.0 | 100.0 |   2.6 |  33.5 |  56.6 | 553.5
               +-------+-------+-------+-------+-------+----------------------

Table legend:
 A = Kills in this place as a percentage of kills in entire the game.
 B = Kills by you in this place as a percentage of kills by you in the entire game.
 C = Kills by friends in this place as a percentage of kills by friends in the entire game.
 D = Other kills in this place as a percentage of other kills in the entire game.
 E = Experience gained in this place as a percentage of experience gained in the entire game.
 F = Experience gained in this place divided by the number of levels of this place that you have seen.
                   A       B       C       D       E      F
               +-------+-------+-------+-------+-------+----------------------
         Total | 100.0 | 100.0 |   N/A |   N/A | 100.0 |  13.5
       Dungeon | 100.0 | 100.0 |   N/A |   N/A | 100.0 |  13.5
               +-------+-------+-------+-------+-------+----------------------
